Map: Waterfall

Players

MARSSS

  • Race: Protoss Protoss
  • League: Master
  • Spawn Location: 7:00

MadScience - Winner!

  • Race: Terran Terran
  • Spawn Location: 1:00

VOD

Have the link to the VOD?

Description

LowLevelMapHack

Time

  • Played on: Aug. 8, 2022, 12:47 p.m.
  • Length: 6:16
Show
View Real Time Build Order
Export as new Build Order

MARSSS Protoss 

Build Orders:  

Get SALT Encoding   

  12  0:00  Probe  
  13  0:12  Probe  
  14  0:17  Pylon  
  14  0:24  Probe  
  15  0:36  Probe  
  15  0:38  Gateway  
  16  0:48  Probe (Chrono Boost)  
  17  0:50  Assimilator  
  17  1:00  Probe (Chrono Boost)  
  18  1:06  Pylon, Probe (Chrono Boost)  
  19  1:18  Probe  
  20  1:27  Cybernetics Core  
  20  1:34  Probe  
  21  1:43  Zealot  
  21  1:46  Probe  
  24  1:57  Assimilator  
  24  2:05  Warp Gate  
  24  2:17  Gateway  
  24  2:23  Stalker  
  25  2:34  Nexus  
  25  2:39  Probe (Chrono Boost)  
  26  2:49  Probe (Chrono Boost)  
  27  2:52  Pylon  
  27  2:55  Pylon  
  27  3:13  Twilight Council  
  27  3:14  Gateway  
  27  3:21  Gateway  
  27  3:26  Gateway  
  27  3:35  Gateway  
  27  3:40  Probe (Chrono Boost)  
  28  3:49  Probe (Chrono Boost)  
  28  3:52  Probe (Chrono Boost)  
  30  3:57  Stalker  
  30  3:58  Probe (Chrono Boost)  
  30  4:01  Probe (Chrono Boost)  
  34  4:03  Probe (Chrono Boost)  
  35  4:21  Stalker  
  35  4:22  Stalker  
  39  4:27  Shield Battery  
  39  4:29  Shield Battery  
  39  4:33  Pylon  
  39  4:36  Probe  
  39  4:37  Probe  
  41  4:43  Stalker  
  43  4:52  Stalker  
Show
View Real Time Build Order
Export as new Build Order

MadScience Terran - Winner!

Build Orders:  

Get SALT Encoding   

  12  0:00  SCV  
  13  0:12  SCV  
  14  0:18  Supply Depot  
  14  0:24  SCV  
  15  0:39  SCV  
  15  0:42  Barracks  
  16  0:48  Refinery  
  16  0:53  Refinery  
  16  0:54  SCV  
  17  1:06  SCV  
  18  1:23  SCV  
  19  1:31  Supply Depot, Marine  
  20  1:38  Engineering Bay  
  20  1:57  Barracks Reactor  
  20  2:01  Factory  
  20  2:02  Orbital Command  
  20  2:35  SCV  
  21  2:37  Supply Depot  
  21  2:40  Marine x2  
  23  2:45  Factory Tech Lab  
  23  2:47  Starport  
  23  2:48  SCV  
  24  3:00  SCV, Marine x2  
  27  3:06  Supply Depot  
  27  3:09  Siege Tank  
  30  3:13  SCV  
  31  3:21  Marine x2  
  31  3:24  Medivac  
  35  3:32  Supply Depot  
  35  3:40  Marine  
  36  3:41  Siege Tank  
  39  3:53  Marine  
  39  3:54  Medivac  
  42  3:56  Supply Depot  
  42  4:00  Marine  
  43  4:11  Marine  
  44  4:18  Marine  
  44  4:24  Liberator  
  48  4:29  Marine  
  49  4:38  Marine  
  49  4:39  Siege Tank  
Tags
 
League
Master
Matchup
PvT
Spawn Locations
Cross Positions
Add a new tag
Caveats
  • Supply blocks, unpowered buildings, or Contaminate may cause inaccurate times.
  • Supply counts are checked every 10 seconds.